 Dungeon Crawl Stone Soup version 0.30-a0-711-gf4ac18a38d (webtiles) character file.

Game seed: 16769661256196154110

81 KennySheep the Conjurer (level 4, 0/36 HPs)
             Began as a Naga Conjurer on Jan 23, 2023.
             Was an Initiate of Kikubaaqudgha.
             Succumbed to an adder's poison
             ... on level 3 of the Dungeon.
             The game lasted 00:03:33 (1750 turns).

KennySheep the Conjurer (Naga Conjurer)             Turns: 1750, Time: 00:03:33

Health: 0/36       AC:  2    Str: 10    XL:     4   Next: 42%
Magic:  7/7        EV:  9    Int: 20    God:    Kikubaaqudgha [......]
Gold:   172        SH:  0    Dex:  9    Spells: 5/8 levels left

rFire   . . .      SeeInvis +    h - +0 dagger
rCold   . . .      Faith    .    (no shield)
rNeg    . . .      Spirit   .    a - +0 robe
rPois   +          Reflect  .    (no helmet)
rElec   .          Harm     .    (no cloak)
rCorr   .          Rampage  .    (no gloves)
Will    .....                    (no barding)
Stlth   ++                       (no amulet)
HPRegen 0.26/turn                (no ring)
MPRegen 0.10/turn                (no ring)

@: lethally poisoned (0 -> -1), hasted, quick
A: AC +1, large, see invisible, deformed body, poison resistance, slowness 2,
spit poison 1, naga tail 1
a: Spit Poison, Renounce Religion


You were on level 3 of the Dungeon.
You worshipped Kikubaaqudgha.
Kikubaaqudgha was noncommittal.
You visited 1 branch of the dungeon, and saw 3 of its levels.

You collected 172 gold pieces.

Inventory:

Hand Weapons
 h - a +0 dagger (weapon)
Missiles
 c - a throwing net
 d - 5 curare-tipped darts
Armour
 a - a +0 robe (worn)
Jewellery
 l - an amulet of faith
Scrolls
 f - 2 scrolls of identify
Potions
 e - a potion of haste
 g - a potion of curing {unknown}
 j - a potion of attraction {unknown}
 k - a potion of might


   Skills:
 - Level 1.5 Dodging
 - Level 3.0 Stealth
 + Level 2.5 Spellcasting
 * Level 4.7 Conjurations
 * Level 2.3 Translocations


You had 5 spell levels left.
You knew the following spells:

 Your Spells              Type           Power      Damage    Failure   Level
a - Magic Dart            Conj           84%        1d7       2%          1
b - Searing Ray           Conj           42%        2d6       3%          2

Your spell library contained the following spells:

 Spells                   Type           Power      Damage    Failure   Level
 Dazzling Flash           Conj/Hex       24%        N/A       17%         3
 Iskenderun's Mystic Bla  Conj/Tloc      16%        2d5       34%         4
 Fulminant Prism          Conj/Hex       6%         3d7       50%         4


Dungeon Overview and Level Annotations

Branches:
Dungeon (3/15)

Altars:
Kikubaaqudgha

Shops:
D:3 [

Annotations:
D:3 Grinder


Innate Abilities, Weirdness & Mutations

Your serpentine skin is tough. (AC +1)
You have supernaturally acute eyesight. (SInv)
Armour fits poorly on your strangely shaped body.
Your system is resistant to poisons. (rPois)
You cover ground very slowly.
You can spit poison.
You have a snake-like lower body.


Message History

The searing ray misses the adder.
The searing ray hits the hobgoblin!
You kill the hobgoblin!
Kikubaaqudgha accepts your kill.
The searing ray hits the gnoll.
The gnoll is lightly wounded. (Press . to maintain the ray.)
You feel sick. The adder bites you.
The searing ray hits the adder!
The adder is almost dead.
The searing ray hits the goblin.
You kill the goblin!
Kikubaaqudgha accepts your kill.
The searing ray hits the gnoll.
The gnoll is moderately wounded.
The searing ray hits the giant cockroach!
You kill the giant cockroach!
Kikubaaqudgha accepts your kill.
You feel sick. The adder bites you. The adder barely misses you.
The searing ray hits the adder.
You kill the adder!
Kikubaaqudgha accepts your kill.
The searing ray misses the gnoll.
The searing ray hits the orc!
You kill the orc!
Kikubaaqudgha accepts your kill.
You feel sick.
The searing ray hits the gnoll but does no damage.
The gnoll is moderately wounded.
You finish channelling your searing ray.
You feel sick. The gnoll barely misses you.
An orc comes into view. It is wielding a +0 flail.
You hit the gnoll.
The gnoll is heavily wounded.
You feel sick.
The gnoll hits you with a +2 flail of protection!
Magic courses through your body.
You feel sick.
The gnoll hits you with a +2 flail of protection!
* * * LOW HITPOINT WARNING * * *
It was a potion of haste.
You feel yourself speed up.
You die...
Kikubaaqudgha rasps: "You have failed me!
Welcome... death!"

# ...#########
...........##
$###..@##..##
##.g##...###########
##).#.#............
o).#.####.########
†.##.# #.# ..###..
..# .# #..# #....
####...# #...#
.....# #...#


You could see a gnoll and an orc.

Vanquished Creatures
  Jessica (D:2)
  An adder (D:3)
  A worm (D:3)
  3 dart slugs
  An orc (D:3)
  2 ball pythons
  3 endoplasms
  3 giant cockroaches
  4 goblins
  2 hobgoblins
  A quokka (D:1)
  A bat (D:2)
  4 frilled lizards
  6 kobolds
  3 rats (D:1)
36 creatures vanquished.

Notes
Turn   | Place    | Note
-------+----------+-------------------------------------------
     0 | D:1      | KennySheep the Naga Conjurer began the quest for the Orb.
     0 | D:1      | Reached XP level 1. HP: 15/15 MP: 3/3
   223 | D:1      | Reached XP level 2. HP: 22/22 MP: 1/5
   226 | D:1      | Learned a level 2 spell: Searing Ray
   399 | D:1      | Reached skill level 1 in Translocations
   853 | D:2      | Found an ancient bone altar of Kikubaaqudgha.
   873 | D:2      | Became a worshipper of Kikubaaqudgha
   921 | D:2      | Reached XP level 3. HP: 28/28 MP: 2/6
  1080 | D:2      | Noticed Jessica
  1083 | D:2      | Killed Jessica
  1204 | D:2      | Reached XP level 4. HP: 36/36 MP: 5/7
  1589 | D:3      | Found Rixapt's Antique Armour Emporium.
  1594 | D:3      | Noticed Grinder
  1598 | D:3      | Paralysed by Grinder for 2 turns
  1749 | D:3      | HP: 1/36 [gnoll/+2 flail of protection (11)]
  1750 | D:3      | Succumbed to an adder's poison

Illustrated notes

Levels and vault maps discovered:
D:1:      minmay_arrival_open_corners, layout_rooms
D:2:      layout_rooms, basic_altar, uniq_jessica
D:3:      layout_loops_ring, serial_shops, shop, grunt_ministairs_4,
          minmay_cupped, uniq_grinder

Skill      XL: |  1  2  3 |
---------------+----------+-----
Translocations | 1 2 |  2.3
Dodging        | |  1.5
Stealth        | |  3.0
Spellcasting   | |  2.5
Conjurations   | |  4.7

Action                     |  1- 3 |  4- 6 || total
---------------------------+-------+-------++-------
  Melee: Unarmed           |     6 |       ||     6
         Dagger            |    15 |     1 ||    16
   Cast: Magic Dart        |    52 |    10 ||    62
         Searing Ray       |       |     2 ||     2
    Use: Scroll            |     1 |     2 ||     3
         Potion            |       |     2 ||     2
 Armour: Robe              |     7 |       ||     7
  Dodge: Dodged            |    10 |     2 ||    12

Table legend: (Time is in decaauts)
 A = Elapsed time spent in this place.
 B = Non-inter-level travel time spent in this place.
 C = Inter-level travel time spent in this place.
 D = Time resting spent in this place.
 E = Time spent auto-exploring this place.
 F = Levels seen in this place.
 G = Mean time per level.
                   A        B        C        D        E       F      G
               +--------+--------+--------+--------+--------+-----+--------+
         Total |   2086 |   2025 |     61 |    133 |   1646 |   3 |  695.3 |
       Dungeon |   2086 |   2025 |     61 |    133 |   1646 |   3 |  695.3 |
               +--------+--------+--------+--------+--------+-----+--------+

Top non-repeatable levels by time:
     D:2: 964 daAuts
     D:1: 827 daAuts
     D:3: 294 daAuts
